 Dungeon Crawl Stone Soup version 0.32-a0-933-ga8fa3634e4 (webtiles) character file.

Game seed: 9911252834351423330

121 Foxy the Cutter (level 5, -3/40 HPs)
             Began as a Coglin Gladiator on Apr 15, 2024.
             Constricted to death by Ijyb (4 damage)
             ... on level 4 of the Dungeon.
             The game lasted 00:03:49 (2504 turns).

Foxy the Cutter (Coglin Gladiator)                  Turns: 2504, Time: 00:03:50

Health: -3/40      AC:  6    Str: 14    XL:     5   Next: 5%
Magic:  0/5        EV:  1    Int:  9    God:
Gold:   155        SH:  0    Dex: 16    Spells: 0/4 levels left

rFire   . . .        a - +0 rapier {Tertia}
rCold   . . .        f - +0 dagger {Lucía}
rNeg    . . .        n - +0 ring mail
rPois   .            c - +0 helmet
rElec   .            (no cloak)
rCorr   .            (no gloves)
SInv    .            (no boots)
Will    .....        (amulet unavailable)
Stlth   +            (ring unavailable)
HPRegen 0.26/turn    (ring unavailable)
MPRegen 0.09/turn    (no gizmo)

%: no passive effects
@: grasped by roots, very slightly contaminated, constricted, revved
A: off-hand wielding, slow wielding, warmup strikes, no jewellery
a: Invent Gizmo


You were on level 4 of the Dungeon.
You visited 1 branch of the dungeon, and saw 4 of its levels.

You collected 155 gold pieces.

Inventory:

Hand Weapons
 a - a +0 rapier (weapon) {Tertia}
 f - a +0 dagger (offhand) {Lucía}
Missiles
 d - 3 throwing nets (quivered)
 e - a javelin
 o - 2 curare-tipped darts
Armour
 b - a +0 leather armour
 c - a +0 helmet (worn)
 n - a +0 ring mail (worn)
Scrolls
 i - a scroll of fog {unknown}
 j - a scroll of revelation {unknown}
 k - a scroll of immolation {unknown}
 p - 2 scrolls of amnesia {unknown}
 r - a scroll of teleportation {unknown}
 t - a scroll of identify {unknown}
 u - a scroll of vulnerability {unknown}
Potions
 g - a potion of enlightenment {unknown}
 h - a potion of attraction {unknown}
 l - a potion of berserk rage {unknown}
 m - a potion of brilliance {unknown}
 q - 2 potions of haste {unknown}
 s - a potion of curing {unknown}


   Skills:
 + Level 2.9 Fighting
 * Level 4.0 Short Blades
 - Level 1.7 Throwing
 + Level 3.4 Dodging
 + Level 0.4 Necromancy


You couldn't memorise any spells.
You knew the following spells:

 Your Spells              Type           Power      Damage    Failure   Level
a - Summon Ice Beast      Ice/Summ       0%         N/A       94%         3
b - Summon Small Mammal   Summ           0%         N/A       63%         1

Your spell library contained the following spells:

 Spells                   Type           Power      Damage    Failure   Level
 Necrotise                Necr           0%         1d4       56%         1
 Apportation              Tloc           0%         N/A       63%         1
 Sting                    Conj/Alch      0%         1d3       63%         1
 Summon Mana Viper        Hex/Summ       0%         N/A       100%        5
 Monstrous Menagerie      Summ           0%         N/A       100%        7


Dungeon Overview and Level Annotations

Branches:
Dungeon (4/15)
 Temple: D:4-7

Altars:

Annotations:
D:4 Ijyb


Innate Abilities, Weirdness & Mutations

You can wield a second weapon in your off-hand.
It takes a long time for you to wield or remove held weapons.
Your first few attacks do less damage.
You cannot equip rings or amulets.


Message History

You miscast Summon Ice Beast.
You are very lightly contaminated with residual magic.
Desperate hands claw out at you.
A nameless horror comes into view.
Ijyb barely misses you.
You hit Ijyb but do no damage.
You closely miss Ijyb with your +0 rapier.
Ijyb closely misses you.
You closely miss Ijyb with your +0 rapier.
You hit Ijyb with your +0 dagger. The nameless horror closely misses you.
Ijyb zaps a wand.
The roots erupt in riotous growth!
The grasping roots grab you!
Ijyb is unaffected.
The nameless horror is unaffected.
The grasping roots constrict you.
You barely miss Ijyb with your +0 rapier.
Ijyb is lightly wounded.
You hit Ijyb but do no damage. The nameless horror hits you!
You feel your power leaking away. Ijyb screams, "I no like you!"
Ijyb hits you with a +0 club. The grasping roots constrict you.
You hit Ijyb but do no damage.
Ijyb is lightly wounded.
You closely miss Ijyb with your +0 rapier.
The nameless horror completely misses you.
Ijyb hits you but does no damage. The grasping roots constrict you.
Unknown command.
You hit Ijyb with your +0 rapier.
Ijyb is lightly wounded.
You miss Ijyb with your +0 dagger.
The nameless horror hits you but does no damage.
Ijyb hits you with a +0 club. The grasping roots constrict you.
You hit Ijyb but do no damage.
Ijyb is lightly wounded.
You hit Ijyb with your +0 rapier. The nameless horror hits you!
* * * LOW HITPOINT WARNING * * *
Ijyb hits you with a +0 club.
* * * LOW HITPOINT WARNING * * *
The grasping roots constrict you.
You die...
Ijyb moans, "Good help so hard to find!"

##########
#....!....
#.!.......
#.....g...
#.........
#.....!... ##
#g####+####
...######.@....)...
...#....##.X.......
...................
...............##..
###....###########
#....##.....##.##
#....##.........##
#............)...##
+.................##


You could see a nameless horror and Ijyb.

Vanquished Creatures
  5 adders
  A ribbon worm (D:3)
  3 dart slugs (D:1)
  3 orcs (D:3)
  2 ball pythons (D:3)
  5 endoplasms
  2 giant cockroaches
  6 goblins
  6 hobgoblins
  4 jackals (D:1)
  4 kobolds
  4 quokkas
  5 bats
  3 frilled lizards (D:1)
  10 rats
63 creatures vanquished.

Notes
Turn   | Place    | Note
-------+----------+-------------------------------------------
     0 | D:1      | Foxy the Coglin Gladiator began the quest for the Orb.
     0 | D:1      | Reached XP level 1. HP: 16/16 MP: 1/1
   125 | D:1      | Reached skill level 3 in Short Blades
   125 | D:1      | Reached XP level 2. HP: 22/22 MP: 2/2
   351 | D:1      | Reached XP level 3. HP: 28/28 MP: 3/3
  1092 | D:2      | Found a faded altar of an unknown god.
  1277 | D:2      | Reached XP level 4. HP: 34/34 MP: 4/4
  1540 | D:3      | Learned a level 3 spell: Summon Ice Beast
  1958 | D:3      | Reached skill level 4 in Short Blades
  2151 | D:3      | Reached XP level 5. HP: 38/40 MP: 5/5
  2157 | D:3      | Learned a level 1 spell: Summon Small Mammal
  2487 | D:4      | Noticed Ijyb
  2497 | D:4      | Noticed a nameless horror
  2504 | D:4      | HP: 1/40 [Ijyb/+0 club (2)]
  2504 | D:4      | Constricted to death by Ijyb

Illustrated notes

Levels and vault maps discovered:
D:1:      nzn_arrival_depleted_hourglass, layout_basic
D:2:      layout_rooms, ebering_ecumenical_altar_ruins,
          corexii_item_surrounded_by_moat, kennysheep_cross_bottleneck,
          reono_crystal_passage
D:3:      layout_loops_corners, chequers_avenue
D:4:      layout_gridville, minmay_temple_entry_mist, nrook_loot_triangle,
          uniq_ijyb

Skill      XL: |  1  2  3  4 |
---------------+-------------+-----
Short Blades   | 3 4 |  4.0
Dodging        | 3 |  3.4
Fighting       | |  2.9
Throwing       | |  1.7
Necromancy     | |  0.4

Action                     |  1- 3 |  4- 6 || total
---------------------------+-------+-------++-------
  Melee: Rapier            |    87 |    64 ||   151
         Dagger            |    84 |    53 ||   137
   Stab: Sleeping          |     1 |       ||     1
 Armour: Leather armour    |    46 |       ||    46
         Ring mail         |     2 |    48 ||    50
  Dodge: Dodged            |    56 |    31 ||    87

Table legend: (Time is in decaauts)
 A = Elapsed time spent in this place.
 B = Non-inter-level travel time spent in this place.
 C = Inter-level travel time spent in this place.
 D = Time resting spent in this place.
 E = Time spent auto-exploring this place.
 F = Levels seen in this place.
 G = Mean time per level.
                   A        B        C        D        E       F      G
               +--------+--------+--------+--------+--------+-----+--------+
         Total |   2492 |   2447 |     45 |    102 |   1932 |   4 |  623.0 |
       Dungeon |   2492 |   2447 |     45 |    102 |   1932 |   4 |  623.0 |
               +--------+--------+--------+--------+--------+-----+--------+

Top non-repeatable levels by time:
     D:3: 1015 daAuts
     D:1: 900 daAuts
     D:2: 532 daAuts
     D:4: 45 daAuts
